 Dungeon Crawl Stone Soup version 0.31.0-11-ge490571c62 (webtiles) character file.

Game seed: 16567964533369148221

28 qw the Shooter (level 2, -1/14 HPs)
             Began as a Spriggan Hunter on Feb 4, 2024.
             Slain by an adder (2 damage)
             ... on level 2 of the Dungeon.
             The game lasted 00:00:23 (1196 turns).

qw the Shooter (Spriggan Hunter)                    Turns: 1196, Time: 00:00:23

Health: -1/14      AC:  2    Str:  7    XL:     2   Next: 96%
Magic:  3/3        EV: 19    Int: 10    God:
Gold:   60         SH:  0    Dex: 18    Spells: 1/1 levels left

rFire   . . .        a - +0 shortbow
rCold   . . .        (shield currently unavailable)
rNeg    . . .        c - +0 robe
rPois   .            (helmet restricted)
rElec   .            (no cloak)
rCorr   .            (gloves unavailable)
SInv    +            (boots unavailable)
Will    .....        (no amulet)
Stlth   ++           (no ring)
HPRegen 0.22/turn    (no ring)
MPRegen 0.08/turn

%: no passive effects
@: lethally poisoned (-1 -> -4), about to teleport, very quick
A: very small, no large weapons, unfitting armour, see invisible, speed 3
a: no special abilities


You were on level 2 of the Dungeon.
You visited 1 branch of the dungeon, and saw 2 of its levels.

You collected 60 gold pieces.


Innate Abilities, Weirdness & Mutations

You are very small and have problems with some larger weapons.
You are too small for most types of armour.
You have supernaturally acute eyesight. (SInv)
You cover ground extremely quickly. (Speed+++)


   Skills:
 - Level 1.5 Fighting
 + Level 4.4 Ranged Weapons
 - Level 4.0 Dodging
 - Level 1.5 Stealth


You had one spell level left.
You didn't know any spells.
Your spell library was empty.

Inventory:

Hand Weapons
 a - a +0 shortbow (weapon)
Armour
 c - a +0 robe (worn)
Scrolls
 f - a scroll of teleportation

Dungeon Overview and Level Annotations

Branches:
Dungeon (2/15)

Altars:
Trog


Message History

You hear an angry hiss.
An adder comes into view.
You hear an angry hiss.
You shoot an arrow. The arrow barely misses the adder.
The adder bites you.
You shoot an arrow. The arrow completely misses the adder.
The adder completely misses you.
A ball python comes into view.
The adder bites you.
You shoot an arrow. The arrow closely misses the adder.
The adder misses you.
You shoot an arrow. The arrow barely misses the adder.
The arrow hits the ball python.
The ball python is moderately wounded.
The adder bites you.
You are poisoned.
The adder poisons you! The adder misses you.
You shoot an arrow. The arrow misses the adder.
The arrow hits the ball python.
You kill the ball python!
You feel sick. The adder closely misses you.
You shoot an arrow. The arrow barely misses the adder.
You feel sick. The adder bites you but does no damage. The adder misses you.
You shoot an arrow. The arrow hits the adder.
The adder is severely wounded.
You feel sick.
You are no longer poisoned.
The adder completely misses you.
You shoot an arrow. The arrow hits the adder.
The adder is almost dead.
The adder misses you. The adder barely misses you.
You shoot an arrow. The arrow closely misses the adder.
The arrow hits the ribbon worm but does no damage.
The adder bites you.
You are lethally poisoned!
The adder poisons you!
1196 ||| READING 2 scrolls of teleportation.
As you read the scroll of teleportation, it crumbles to dust.
You feel strangely unstable.
You feel sick. The adder closely misses you. The adder bites you.
You die...

#.# #.# ####.# #.# #.#
#.# ###)# #.# #.# ....#
#.########.#
#######.......##.#
###..........##.#
#............##.#
##............##)#
.'............##@#
.#.....#########S#
.#.......# .w.
.#.......# .....
.....#...# .......
.###'###### .........
.##.......#(..........
.##.......#............
..#.......#


You could see a ribbon worm and an adder.

Vanquished Creatures
  2 endoplasms
  3 goblins
  2 hobgoblins (D:2)
  4 kobolds
  2 quokkas
  3 ball pythons
  5 bats
  2 frilled lizards (D:1)
  3 rats
26 creatures vanquished.

Notes
Turn   | Place    | Note
-------+----------+-------------------------------------------
     0 | D:1      | qw the Spriggan Hunter began the quest for the Orb.
     0 | D:1      | Reached XP level 1. HP: 10/10 MP: 2/2
     0 | D:1      | 0 ||| qw: Version: 0.3-a-160-g6735b56
     0 | D:1      | 0 ||| qw: Game counter: 5810
     0 | D:1      | 0 ||| qw: Melee chars always use a shield: true
     0 | D:1      | 0 ||| qw: God list: Okawaru
     0 | D:1      | 0 ||| qw: Allow faded altars: false
     0 | D:1      | 0 ||| qw: Do Orc after clearing Dungeon:15 true
     0 | D:1      | 0 ||| qw: Do second Lair branch before Depths: true
     0 | D:1      | 0 ||| qw: Lair rune preference: random
     0 | D:1      | 0 ||| qw: Goals: Normal
     0 | D:1      | 0 ||| PLANNING D:1-11
   113 | D:1      | Reached skill level 3 in Dodging
   188 | D:1      | Found a faded altar of an unknown god.
   544 | D:1      | Reached XP level 2. HP: 14/14 MP: 3/3
   820 | D:1      | 820 ||| READING scroll labelled LEZICV GUPHU.
   821 | D:1      | 821 ||| READING scroll labelled FOSSEUMEEM.
   821 | D:1      | 821 ||| IDENTIFYING 2 scrolls labelled NUAQEUM ZATIE
   822 | D:1      | 822 ||| DROPPING scroll of butterflies.
   824 | D:1      | 824 ||| Stepping ~*~*~tactically~*~*~ (cloud).
   830 | D:1      | HP: 3/14 [poisoned by you (poison gas)]
   832 | D:1      | HP: 1/14 [poisoned by you (poison gas)]
   971 | D:2      | Found a bloodstained altar of Trog.
  1195 | D:2      | HP: 1/14 [adder (3)]
  1196 | D:2      | 1196 ||| READING 2 scrolls of teleportation.
  1196 | D:2      | Slain by an adder

Levels and vault maps discovered:
D:1:      giann_wishing_wells, layout_loops_corners,
          ebering_ecumenical_altar_box
D:2:      layout_basic, serial_shops, shop, basic_altar

Skill      XL: |  1  2 |
---------------+-------+-----
Dodging        | 3 4 |  4.0
Fighting       | |  1.5
Ranged Weapons | |  4.4
Stealth        | |  1.5

Action                     || total
---------------------------++-------
   Fire: Shortbow          ||    69
    Use: Scroll            ||     3
 Armour: Robe              ||    10
  Dodge: Dodged            ||    22

Table legend:
 A = Non-vault XP
 B = Vault XP
 C = Vault XP percentage of total XP
 D = Non-vault monster count
 E = Vault monster count
 F = Vault count percentage of total count
                 A         B        C        D         E       F
            +---------+---------+-------+---------+---------+-------
      Total |      40 |       0 |   0.0 |      26 |       0 |   0.0
            +---------+---------+-------+---------+---------+-------
        D:1 |      21 |       0 |   0.0 |      14 |       0 |   0.0
        D:2 |      19 |       0 |   0.0 |      12 |       0 |   0.0
            +---------+---------+-------+---------+---------+-------
